Map: Nightshade LE

Players

Reynor - Winner!

  • Race: Zerg Zerg
  • League: Master
  • Spawn Location: 5:00

HeroMarine

  • Race: Terran Terran
  • League: Master
  • Spawn Location: 11:00

Event: Shopify TSL 5

VOD

Have the link to the VOD?

Description

Time

  • Played on: May 17, 2020, 3:18 p.m.
  • Length: 14:00

All games in this series

Show
View Real Time Build Order
Export as new Build Order

Reynor Zerg - Winner!

Build Orders: Hatch First 

Get SALT Encoding   

  12  0:00  Drone  
  13  0:13  Overlord  
  13  0:16  Drone  
  14  0:31  Drone  
  14  0:32  Drone  
  16  0:49  Hatchery  
  15  0:52  Drone  
  15  0:56  Drone  
  17  0:59  Drone  
  18  1:09  Extractor  
  17  1:14  Spawning Pool  
  17  1:17  Drone  
  17  1:20  Drone  
  18  1:28  Drone  
  19  1:39  Drone  
  20  1:50  Overlord  
  20  2:01  Queen x2  
  20  2:02  Zergling x4  
  26  2:12  Drone x2  
  26  2:14  Metabolic Boost  
  28  2:22  Zergling x2  
  29  2:23  Drone  
  30  2:33  Drone  
  30  2:34  Overlord  
  30  2:37  Queen  
  31  2:42  Queen  
  35  2:46  Drone  
  36  2:54  Drone x3  
  39  3:07  Hatchery  
  39  3:10  Drone x2  
  40  3:14  Overlord  
  40  3:17  Drone  
  41  3:21  Drone x2  
  41  3:26  Drone  
  44  3:34  Queen, Drone x2  
  46  3:38  Drone  
  49  3:43  Overlord  
  49  3:44  Zergling x4  
  49  3:46  Drone  
  52  3:51  Overlord  
  52  3:59  Overlord  
  52  4:02  Drone x3  
  55  4:04  Queen  
  55  4:09  Overlord  
  57  4:12  Drone  
  58  4:18  Drone x3  
  58  4:19  Overlord  
  58  4:20  Queen  
  58  4:23  Zergling x2  
  58  4:24  Zergling x4  
  66  4:26  Drone x2  
  66  4:31  Evolution Chamber  
  67  4:32  Drone  
  67  4:33  Evolution Chamber  
  67  4:35  Zergling x2  
  67  4:37  Drone  
  69  4:40  Drone  
  69  4:42  Extractor  
  69  4:44  Drone  
  69  4:45  Drone  
  71  4:51  Drone  
  72  4:54  Drone x4  
  72  4:56  Zerg Ground Armor Level 1  
  72  4:58  Overlord, Zerg Melee Weapons Level 1  
  76  5:01  Drone  
  76  5:04  Zergling x2  
  78  5:11  Zergling x2  
  80  5:14  Zergling x6  
  80  5:20  Drone x6  
  83  5:23  Lair  
  83  5:24  Overlord  
  83  5:26  Drone x2  
  83  5:27  Drone  
  83  5:30  Drone  
  85  5:35  Drone x2  
  85  5:39  Drone  
  85  5:41  Extractor  
  85  5:42  Extractor  
  85  5:43  Baneling Nest  
  85  5:44  Hatchery  
  85  5:45  Drone  
  85  5:49  Drone  
  85  5:52  Drone  
  85  5:55  Overlord  
  86  5:57  Drone  
  86  5:59  Drone  
  86  6:02  Drone x3  
  91  6:05  Zergling x10  
  91  6:07  Drone  
  91  6:08  Drone  
  91  6:09  Drone  
  99  6:13  Extractor  
  98  6:18  Zergling x2  
  98  6:19  Zergling x2  
  98  6:21  Overlord  
  100  6:32  Zergling x20  
  109  6:34  Drone, Centrifical Hooks  
  109  6:35  Drone  
  111  6:42  Drone  
  111  6:46  Drone x2, Hydralisk Den  
  113  6:51  Zerg Ground Armor Level 2  
  113  6:52  Zerg Melee Weapons Level 2  
  113  6:53  Drone  
  114  6:56  Drone x2  
  114  6:57  Drone, Hatchery  
  114  6:58  Queen  
  118  7:04  Baneling x3  
  118  7:05  Queen  
  116  7:10  Overlord  
  116  7:11  Drone  
  116  7:12  Drone x2  
  116  7:13  Queen  
  116  7:14  Queen  
  119  7:18  Drone x4  
  119  7:19  Baneling x4  
  119  7:21  Drone  
  124  7:23  Overlord  
  124  7:24  Extractor, Overlord, Hydralisk x2  
  124  7:27  Drone  
  124  7:28  Infestation Pit  
  124  7:29  Zergling x6  
  130  7:34  Zergling x6, Hydralisk  
  130  7:35  Zergling x2  
  127  7:41  Muscular Augments  
  127  7:42  Hydralisk  
  127  7:43  Zergling x4  
  131  7:46  Zergling x12  
  131  7:49  Zergling x2  
  138  7:55  Zergling x2, Hydralisk  
  138  7:56  Overlord  
  138  7:57  Baneling x4  
  138  8:00  Zergling x2, Hydralisk  
  138  8:01  Zergling x2  
  138  8:04  Baneling x6  
  140  8:11  Extractor  
  140  8:12  Hydralisk x2  
  141  8:13  Zergling x10  
  145  8:21  Drone x2  
  145  8:26  Drone x4  
  151  8:30  Drone  
  151  8:32  Drone x3, Hive  
  151  8:33  Spore Crawler x2  
  151  8:34  Zergling x6, Hydralisk  
  153  8:35  Baneling x4  
  153  8:36  Baneling x5  
  153  8:37  Zergling x6  
  153  8:40  Zergling x6  
  163  8:41  Overlord  
  163  8:47  Zergling x4  
  163  8:48  Overlord  
  164  8:53  Zergling x6  
  164  8:54  Zergling x6  
  158  8:59  Zergling x2, Hydralisk x2  
  163  9:03  Drone x3, Baneling x6  
  164  9:13  Zergling x18  
  170  9:19  Overlord  
  170  9:20  Zergling x8  
  173  9:24  Zergling x2  
  173  9:26  Baneling x25, Overseer  
  173  9:27  Overseer  
  173  9:28  Zergling x10  
  173  9:31  Overlord x2  
  176  9:43  Queen  
  176  9:44  Overlord  
  178  9:52  Drone x4  
  182  9:55  Zergling x22  
  182  9:58  Hydralisk  
  182  9:59  Zergling x6  
  192  10:01  Queen  
  192  10:03  Zergling x8  
  187  10:08  Zerg Melee Weapons Level 3, Zerg Ground Armor Level 3  
  187  10:10  Baneling x6  
  187  10:11  Zergling x16  
  195  10:14  Overlord  
  195  10:22  Zergling x8  
  195  10:26  Baneling x10  
  199  10:31  Zergling x6  
  174  10:35  Hydralisk  
  174  10:36  Zergling x4  
  174  10:41  Queen  
  174  10:42  Zergling x12  
  171  10:43  Queen  
  171  10:44  Zergling x2  
  171  10:45  Zergling x6  
  171  10:48  Zergling x2  
  174  10:50  Zergling x4  
  174  10:51  Zergling x4  
  174  10:54  Zergling x2  
  174  10:55  Zergling x2  
  180  10:57  Adrenal Glands  
  180  10:58  Zergling x4  
  180  11:02  Zergling x2  
  184  11:04  Baneling x7  
  184  11:09  Zergling x6  
  179  11:12  Zergling x2, Hatchery  
  175  11:22  Hydralisk  
  175  11:23  Zergling x20  
  187  11:28  Zergling x2  
  187  11:29  Zergling x10  
  190  11:36  Zergling x4  
  186  11:42  Zergling x6  
  186  11:43  Baneling x4  
  186  11:44  Baneling x13  
  189  11:53  Zergling x20  
  199  11:58  Zergling x2  
  199  11:59  Baneling x6  
  199  12:00  Baneling x5  
  196  12:03  Zergling x8  
  196  12:04  Zergling x4  
  193  12:10  Pneumatized Carapace  
  193  12:11  Zergling x6  
  193  12:15  Zergling x2, Hydralisk  
  199  12:19  Hatchery  
  199  12:21  Baneling  
  199  12:22  Baneling x6  
  197  12:29  Zergling x12, Hydralisk  
  197  12:42  Zergling x8  
  198  12:50  Hydralisk  
  198  12:51  Zergling x32  
  186  12:53  Zergling x8  
  186  12:56  Zergling x2  
  199  13:04  Baneling x7  
  199  13:18  Zergling x4  
  199  13:26  Baneling x7  
  199  13:37  Zergling x12  
  199  13:41  Zergling x12  
Show
View Real Time Build Order
Export as new Build Order

HeroMarine Terran 

Build Orders: Reaper Expand, Hellion Banshee 

Get SALT Encoding   

  12  0:00  SCV  
  13  0:13  SCV  
  14  0:17  Supply Depot  
  14  0:25  SCV  
  15  0:39  SCV  
  15  0:41  Barracks  
  16  0:44  Refinery  
  16  0:51  SCV  
  17  1:03  SCV  
  18  1:15  SCV  
  19  1:28  Orbital Command, Reaper  
  20  1:40  Command Center  
  20  1:49  Supply Depot  
  20  1:54  SCV  
  20  2:00  Marine  
  22  2:06  SCV  
  23  2:09  Factory  
  23  2:18  SCV, Marine  
  25  2:30  SCV  
  26  2:37  Barracks Reactor  
  26  2:42  SCV  
  27  2:48  Command Center  
  27  2:55  SCV  
  27  2:56  Orbital Command  
  28  3:03  Starport  
  27  3:07  SCV  
  28  3:16  Hellion x2  
  28  3:19  SCV  
  33  3:23  SCV, Refinery  
  34  3:29  Barracks Tech Lab  
  34  3:31  SCV  
  35  3:35  SCV  
  35  3:37  Hellion  
  35  3:38  Hellion  
  40  3:43  SCV  
  40  3:47  SCV  
  42  3:50  Banshee  
  42  3:55  SCV  
  46  4:00  SCV, Hellion x2  
  51  4:02  Orbital Command  
  51  4:10  Barracks Tech Lab  
  51  4:12  SCV x2  
  53  4:20  Supply Depot  
  53  4:23  Hellion x2, Supply Depot  
  53  4:24  SCV x2  
  59  4:30  SCV  
  60  4:31  Stimpack  
  60  4:36  SCV  
  61  4:42  SCV x2, Starport Reactor  
  63  4:46  Barracks  
  63  4:47  Barracks  
  63  4:48  SCV  
  63  4:49  Marine  
  65  4:54  SCV x2, Engineering Bay  
  65  4:56  Engineering Bay  
  65  4:58  Factory Reactor  
  67  5:00  SCV  
  67  5:06  SCV  
  69  5:07  Marine  
  69  5:08  Refinery  
  69  5:09  Refinery  
  69  5:12  SCV  
  66  5:18  SCV  
  66  5:21  Orbital Command  
  61  5:24  SCV, Terran Infantry Armor Level 1, Terran Infantry Weapons Level 1  
  61  5:25  Marine  
  61  5:27  Barracks  
  55  5:28  Medivac  
  55  5:30  SCV  
  55  5:35  Barracks  
  58  5:36  SCV  
  58  5:39  Marine x2  
  62  5:42  SCV, Marine  
  62  5:43  Factory Reactor  
  62  5:47  SCV, Marine x2  
  62  5:48  SCV  
  62  5:49  Supply Depot  
  67  5:50  Supply Depot  
  67  5:55  SCV  
  68  5:57  Marine x2  
  68  5:59  SCV  
  68  6:00  SCV, Marine, Supply Depot  
  68  6:01  Supply Depot  
  73  6:04  Medivac  
  73  6:05  Marine  
  73  6:07  SCV  
  73  6:11  SCV, Medivac  
  80  6:13  SCV, Marine  
  80  6:15  Marine  
  80  6:16  Barracks Reactor, Combat Shield  
  83  6:21  Marine  
  83  6:22  Marine, Widow Mine x2  
  83  6:23  Barracks Reactor  
  83  6:25  Supply Depot  
  91  6:26  Supply Depot  
  91  6:28  Marine  
  91  6:31  Marine  
  94  6:32  Marine  
  94  6:39  Barracks, Marine  
  92  6:40  Marine  
  92  6:41  Medivac  
  92  6:42  Barracks x2  
  92  6:43  Armory  
  92  6:46  Marine, Medivac  
  99  6:48  Marine, Widow Mine  
  99  6:49  Widow Mine  
  99  6:50  Marine  
  99  6:52  SCV x2, Refinery  
  99  6:53  SCV  
  108  6:57  Marine  
  108  6:59  Supply Depot  
  108  7:00  Marine x4  
  113  7:10  Marine x4  
  113  7:15  Marine  
  116  7:18  Marine x4  
  120  7:27  Marine  
  121  7:35  Marine, Barracks Reactor, Barracks Tech Lab  
  121  7:36  Marine x3, Marauder x2  
  123  7:37  Marine x3  
  123  7:41  Supply Depot x2  
  123  7:42  Supply Depot  
  126  7:45  Marine  
  126  7:49  Widow Mine x2, Medivac  
  133  7:54  Supply Depot  
  133  8:00  Marine  
  133  8:01  Marauder, Medivac  
  133  8:03  Marauder  
  135  8:06  Terran Infantry Armor Level 2, Terran Infantry Weapons Level 2, Marauder  
  135  8:07  Marine x2  
  135  8:09  Marine  
  135  8:10  Marine  
  135  8:11  Marine x2  
  138  8:21  Medivac  
  138  8:24  Widow Mine x2  
  138  8:25  Concussive Shells, Marauder x2  
  148  8:30  Marine x3  
  148  8:31  Medivac  
  153  8:35  Marine x2  
  153  8:36  Marine x2  
  156  8:42  Marine  
  156  8:43  Marine, Marauder  
  156  8:45  Widow Mine x2  
  164  8:50  Marauder  
  164  8:52  Marauder  
  164  8:54  Medivac  
  154  8:55  Marine x2  
  154  8:56  Marine x3  
  154  8:57  Marine x2  
  154  9:01  Medivac  
  163  9:04  Marauder  
  163  9:07  Supply Depot x2  
  163  9:09  Marine x2, Widow Mine x2  
  171  9:12  Marauder  
  171  9:14  Marine, Marauder  
  171  9:15  Marine  
  173  9:28  Marine x8, Supply Depot  
  173  9:29  Marauder  
  183  9:31  Marine  
  183  9:33  Marine, Marauder  
  183  9:35  Marauder  
  189  9:49  Marine x7  
  196  9:58  Marauder  
  196  9:59  Widow Mine  
  197  10:00  Marauder  
  197  10:01  Widow Mine, Marauder  
  197  10:04  Marine x3  
  191  10:07  Marine x2  
  191  10:09  Marine x2  
  193  10:14  Medivac x2  
  197  10:27  Terran Infantry Armor Level 3, Terran Infantry Weapons Level 3  
  197  10:33  Marauder  
  197  10:34  Widow Mine x2, Marauder  
  177  10:38  Marine x2, Marauder  
  177  10:40  Marine x2  
  149  10:43  Marine x2  
  149  10:44  Marine, Medivac x2  
  149  10:47  Marine  
  157  10:50  Marine x2  
  157  10:54  Marauder  
  157  10:55  Marine, Widow Mine x2, Marauder  
  157  10:56  Marine  
  168  10:58  Marine x2  
  168  10:59  Marauder  
  172  11:06  Marine  
  168  11:14  Marine x5, Medivac  
  168  11:15  Marine  
  168  11:16  Widow Mine x2, Marauder x2  
  178  11:19  Marine x2  
  178  11:21  Marine, Marauder  
  178  11:24  Marine  
  154  11:26  Medivac  
  154  11:32  Marine x5  
  147  11:33  Marine  
  147  11:37  Marauder  
  147  11:38  Widow Mine x2, Marauder  
  148  11:40  Marine x2  
  148  11:42  Marine, Marauder  
  148  11:44  Marine  
  152  11:49  Marine  
  152  11:51  Marine x4  
  152  11:52  Marine  
  158  11:58  Marine x2, Marauder  
  158  11:59  Marine, Marauder  
  158  12:00  Widow Mine  
  167  12:04  Marauder  
  167  12:05  Marine  
  167  12:07  Marine  
  167  12:08  Widow Mine  
  170  12:09  Marine x4  
  170  12:13  Marine  
  170  12:14  Medivac  
  177  12:16  Marine x2  
  177  12:20  Marauder x2  
  177  12:21  Widow Mine  
  185  12:24  Marine x2  
  185  12:25  Marauder  
  185  12:29  Marine  
  186  12:35  Marine x2  
  185  12:37  Marine x2  
  185  12:39  Widow Mine  
  185  12:41  Marauder  
  185  12:42  Marauder  
  187  12:46  Marauder  
  187  12:50  Marine  
  187  12:51  Marine x3  
  175  12:54  Widow Mine, Medivac x2  
  175  12:56  Marine  
  183  12:59  Marine x3  
  183  13:00  Marine x2, Widow Mine  
  183  13:02  Marauder  
  183  13:03  Marauder  
  194  13:07  Marine  
  194  13:08  Marine  
  194  13:10  Marine  
  197  13:17  Marine  
  197  13:29  Orbital Command  
  197  13:30  Supply Depot  
  197  13:37  Marine x2  
  197  13:39  Marine  
Tags
 
Add a new tag
Caveats
  • Supply blocks, unpowered buildings, or Contaminate may cause inaccurate times.
  • Supply counts are checked every 10 seconds.